 Dungeon Crawl Stone Soup version 0.27-a0-808-g60bc5d92e6 (webtiles) character file.

Game seed: 9451398309572468889

3554 Armakuni the Chiller (level 9, -10/89 HPs)
             Began as a Troll Ice Elementalist on Mar 28, 2021.
             Was a Follower of the Shining One.
             Mangled by an orc warrior
             ... wielding a +0 war axe
              (16 damage)
             ... in a bailey.
             The game lasted 00:18:32 (6632 turns).

Armakuni the Chiller (Troll Ice Elementalist)       Turns: 6632, Time: 00:18:33

Health: -10/89     AC:  6    Str: 18    XL:     9   Next: 83%
Magic:  12/14      EV:  9    Int: 14    God:    the Shining One [*.....]
Gold:   415        SH:  0    Dex: 10    Spells: 10/16 levels left

rFire    + . .     SeeInvis .     - Unarmed
rCold    + . .     Faith    .   (no shield)
rNeg     . . .     Spirit   .   p - +0 robe
rPois    .         Reflect  .   (helmet restricted)
rElec    .         Harm     .   m - scarf {repulsion}
rCorr    .         Rampage  .   (gloves unavailable)
Will     +....                  (boots unavailable)
Stlth    +.........             (no amulet)
HPRegen  1.24/turn              F - ring of protection from fire
MPRegen  0.14/turn              J - ring of protection from cold

@: hasted, glowing, repel missiles, very quick
A: large, unfitting armour, claws 3, regeneration 1, shaggy fur 1, tough skin 1,
horns 1, yellow scales 1, strong-willed 1
a: Renounce Religion


You were in a bailey.
You worshipped the Shining One.
The Shining One was aware of your devotion.
You visited 2 branches of the dungeon, and saw 8 of its levels.
You also visited: Bailey.

You collected 445 gold pieces.
You spent 30 gold pieces at shops.

Inventory:

Hand Weapons
 b - a +6 dagger of venom
Missiles
 d - 13 boomerangs
 i - 7 javelins
 k - 41 poisoned darts
Armour
 m - a scarf of repulsion (worn)
 p - a +0 robe (worn)
Magical Staves
 e - a staff of air
Jewellery
 F - a ring of protection from fire (left claw)
 J - a ring of protection from cold (right claw)
Wands
 r - a wand of iceblast (4) (quivered)
Scrolls
 c - a scroll of noise
 f - a scroll of teleportation
 g - a scroll of enchant weapon
Potions
 a - a potion of invisibility {unknown}
 h - a potion of mutation
 j - 3 potions of haste
 l - 4 potions of curing
 n - 3 potions of brilliance
 o - a potion of lignification {unknown}
 s - a potion of degeneration {unknown}
 u - a potion of resistance {unknown}


   Skills:
 + Level 6.1 Fighting
 - Level 1.5 Dodging
 - Level 1.0 Stealth
 + Level 5.3 Unarmed Combat
 - Level 4.0 Spellcasting
 + Level 6.3 Ice Magic
 - Level 2.0 Invocations
 - Level 3.0 Evocations


You had 10 spell levels left.
You knew the following spells:

 Your Spells              Type           Power      Damage    Failure   Level
o - Ozocubu's Armour      Ice            20%        N/A       4%          3
r - Frozen Ramparts       Ice            40%        1d6       4%          3

Your spell library contained the following spells:

 Spells                   Type           Power      Damage    Failure   Level
 Freeze                   Ice            80%        1d9       1%          1
 Hailstorm                Conj/Ice       11%        3d5       47%         4
 Summon Ice Beast         Ice/Summ       11%        N/A       47%         4


Dungeon Overview and Level Annotations

Branches:
Dungeon (7/15)             Temple (1/1) D:6          Bailey (1/1)

Altars:
Ashenzari
Cheibriados
Dithmenos
Fedhas
Gozag
Hepliaklqana
Kikubaaqudgha
Makhleb
Nemelex Xobeh
Qazlal
Ru
Sif Muna
Trog
Uskayaw
Vehumet
Wu Jian
Yredelemnul
Zin
The Shining One

Shops:
D:1 ?


Innate Abilities, Weirdness & Mutations

You are too large for most types of armour.
You have claws for hands.
Your natural rate of healing is unusually fast.
You are covered in fur. (AC +1)
You have tough skin. (AC +1)
You have a pair of small horns on your head.
You are partially covered in yellow scales. (AC +2)
You are strong-willed. (Will+)


Message History

You closely miss the orc high priest.
The orc high priest is severely wounded.
The wall freezes the orc high priest.
The orc high priest mumbles some strange prayers to Beogh.
The hellwing hits you!
The hellwing hits you but does no damage.
The wall freezes the goblin.
You kill the goblin!
You barely miss the orc high priest.
The orc high priest is severely wounded.
The wall freezes the orc high priest.
The hellwing hits you! The hellwing hits you.
You barely miss the orc high priest.
The orc high priest is almost dead.
The frozen ramparts melt away.
The orc high priest hits you with a +0 war axe!
* * * LOW HITPOINT WARNING * * *
The hellwing hits you.
* * * LOW HITPOINT WARNING * * *
The hellwing hits you!
* * * LOW HITPOINT WARNING * * *
Okay, then.
Okay, then.
Unknown command.
It was a potion of mutation.
You feel extremely strange. A pair of horns grows on your head!
Yellow scales grow over part of your body.
You feel strong-willed.
The orc warrior hits you with a +0 war axe.
* * * LOW HITPOINT WARNING * * *
The orc high priest invokes the aid of Beogh against you.
Beogh smites you!
* * * LOW HITPOINT WARNING * * *
The hellwing hits you but does no damage.
The hellwing closely misses you.
Okay, then.
Unknown command.
You feel yourself speed up.
The orc warrior hits you with a +0 war axe!
You die...

#.. ...# .. ... ..
####### ##'#.......
+.....))4_. #o84..o....
#.og.)..... #.8o###
#..o@.#######
#.8.4.#.....#
#.....#.....#
####..#..⌠..#
#..'.....+ #..'.....+
#####'''#####
#...))......#
######≈≈≈)...≈≈≈≈######


You could see an orc high priest, a hellwing (summoned), a chaos spawn
(summoned), 2 orc warriors, a gnoll and an orc.

Vanquished Creatures
  An orc high priest (Bailey)
  Eustachio (D:5)
  2 ice beasts
  2 sky beasts (D:6)
  6 orc warriors
  2 ogres
  4 centaurs
  2 bullfrogs
  A wyvern zombie (D:7)
  2 water moccasin zombies (D:5)
  2 scorpions (D:5)
  3 wights (D:7)
  A hound (D:6)
  A jelly (D:4)
  Crazy Yiuf (D:5)
  5 orc priests
  A centaur skeleton (D:5)
  4 iguanas
  6 orc wizards
  A killer bee zombie (D:7)
  3 hound zombies (D:5)
  A hound skeleton (D:4)
  4 gnolls (D:4)
  12 adders
  A white imp (D:7)
  An adder skeleton (D:4)
  3 dart slugs
  28 orcs
  8 endoplasms
  15 giant cockroaches
  13 goblins
  6 hobgoblins
  11 jackals
  2 quokkas
  5 ball pythons
  4 bats
  A frilled lizard (D:3)
  4 kobolds
  4 rats
174 creatures vanquished.

Notes
Turn   | Place    | Note
-------+----------+-------------------------------------------
     0 | D:1      | Armakuni the Troll Ice Elementalist began the quest for the
                  | Orb.
     0 | D:1      | Reached XP level 1. HP: 16/16 MP: 1/1
   273 | D:1      | Reached skill level 1 in Unarmed Combat
   432 | D:1      | Found Vuahu's Magic Scroll Shoppe.
   436 | D:1      | Reached XP level 2. HP: 26/26 MP: 0/2
   438 | D:1      | Bought a scroll of noise for 10 gold pieces
   438 | D:1      | Bought a scroll of identify for 20 gold pieces
   716 | D:2      | Reached skill level 1 in Fighting
   954 | D:2      | Found a basalt altar of Yredelemnul.
  1280 | D:2      | Reached XP level 3. HP: 33/33 MP: 3/3
  1608 | D:3      | Reached XP level 4. HP: 40/42 MP: 0/4
  1928 | D:3      | Found a sparkling altar of Nemelex Xobeh.
  1937 | D:3      | Reached XP level 5. HP: 50/50 MP: 5/5
  2309 | D:3      | Found a broken altar of Ashenzari.
  2534 | D:4      | Learned a level 3 spell: Frozen Ramparts
  2865 | D:4      | Reached XP level 6. HP: 61/61 MP: 6/6
  3211 | D:4      | Found an opulent altar of Gozag.
  3231 | D:4      | Learned a level 3 spell: Ozocubu's Armour
  3258 | D:4      | Noticed an orc warrior
  3270 | D:4      | Killed an orc warrior
  3271 | D:4      | Reached skill level 5 in Unarmed Combat
  3352 | D:4      | Reached XP level 7. HP: 70/70 MP: 3/7
  3614 | D:4      | Found a shimmering blue altar of Sif Muna.
  3737 | D:5      | Entered Level 5 of the Dungeon
  4068 | D:5      | Noticed Eustachio
  4110 | D:5      | Killed Eustachio
  4111 | D:5      | Reached skill level 5 in Fighting
  4222 | D:5      | Found a runed translucent door.
  4223 | D:5      | Noticed Crazy Yiuf
  4259 | D:5      | Reached XP level 8. HP: 75/80 MP: 4/8
  4415 | D:5      | Found a hide-covered altar of Uskayaw.
  4717 | D:5      | Killed Crazy Yiuf
  5045 | D:6      | Found a staircase to the Ecumenical Temple.
  5060 | D:6      | Reached skill level 1 in Evocations
  5076 | Temple   | Entered the Ecumenical Temple
  5362 | Temple   | Became a worshipper of the Shining One
  5870 | D:6      | Reached XP level 9. HP: 42/89 MP: 4/12
  6440 | D:7      | Found a flagged portal.
  6484 | D:7      | Reached * piety under the Shining One
  6522 | Bailey   | Entered a bailey
  6580 | Bailey   | Reached skill level 5 in Ice Magic
  6614 | Bailey   | Found an iron altar of Okawaru.
  6614 | Bailey   | Noticed an orc high priest
  6614 | Bailey   | Noticed an orc high priest
  6619 | Bailey   | Reached skill level 1 in Invocations
  6619 | Bailey   | Noticed a hellwing
  6622 | Bailey   | Killed an orc high priest
  6631 | Bailey   | Gained mutation: You have a pair of small horns on your
                  | head. [potion of mutation]
  6631 | Bailey   | Gained mutation: You are partially covered in yellow
                  | scales. (AC +2) [potion of mutation]
  6631 | Bailey   | Gained mutation: You are strong-willed. (Will+) [potion of
                  | mutation]
  6632 | Bailey   | Mangled by an orc warrior

Illustrated notes

Levels and vault maps discovered:
D:1:      onia_arrival_mini_spirals, layout_loops_cross, serial_shops,
          nicolae_shop_trees, minivault_25
D:2:      minmay_roachtagon, layout_loops_cross, lemuel_doored_altar
D:3:      layout_loops_ring, lemuel_coloured_pillars_altar,
          nemelex_diamond_rough_becter
D:4:      cheibrodos_pilgrimage, layout_basic, grunt_gozag_breadcrumbs,
          lemuel_blue_sif_altar
D:5:      layout_basic, nicolae_uskayaw_dance_hall, uniq_eustachio,
          uniq_crazy_yiuf_cottage
D:6:      layout_gridville, minmay_temple_entry_statues_fountains
D:7:      layout_loops_ring, enter_bailey_5, kennysheep_generic_room_8
Temple:   regret_index_temple_generic_petals
Bailey:   bailey_axe_of_yendor_kennysheep, bailey

Skill      XL: |  1  2  3  4  5  6  7  8  9 |
---------------+----------------------------+-----
Unarmed Combat | 1 2 3 4 5 |  5.3
Fighting       | 1 2 3 4 5 6 |  6.1
Ice Magic      | 4 6 |  6.3
Evocations     | 2 3 |  3.0
Spellcasting   | 2 4 |  4.0
Invocations    | 2 |  2.0
Dodging        | |  1.5
Stealth        | |  1.0

Action                   |  1- 3 |  4- 6 |  7- 9 || total
-------------------------+-------+-------+-------++-------
Melee: Unarmed           |   109 |    91 |   212 ||   412
       Punch             |       |       |     1 ||     1
Throw: Javelin           |       |     7 |       ||     7
       Dart              |       |     9 |       ||     9
 Cast: Freeze            |    17 |    42 |     4 ||    63
       Frozen Ramparts   |       |     2 |    23 ||    25
       Ozocubu's Armour  |       |     1 |     9 ||    10
Evoke: Wand              |       |       |     5 ||     5
  Use: Scroll            |       |       |     7 ||     7
       Potion            |       |       |     2 ||     2
 Stab: Sleeping          |     1 |     3 |       ||     4
Armor: Robe              |    40 |    27 |    61 ||   128
Dodge: Dodged            |    59 |    54 |   129 ||   242
       Repelled          |       |       |     1 ||     1

Table legend: (Time is in decaauts)
 A = Elapsed time spent in this place.
 B = Non-inter-level travel time spent in this place.
 C = Inter-level travel time spent in this place.
 D = Time resting spent in this place.
 E = Time spent auto-exploring this place.
 F = Levels seen in this place.
 G = Mean time per level.
                   A        B        C        D        E       F      G
               +--------+--------+--------+--------+--------+-----+--------+
         Total |   6609 |   6296 |    313 |    690 |   4073 |   9 |  734.3 |
       Dungeon |   6181 |   5947 |    234 |    651 |   3835 |   7 |  883.0 |
        Temple |    319 |    240 |     79 |      0 |    211 |   1 |  319.0 |
        Bailey |    108 |    108 |      0 |     39 |     27 |   1 |  108.0 |
               +--------+--------+--------+--------+--------+-----+--------+

Top non-repeatable levels by time:
     D:4: 1248 daAuts
     D:5: 1037 daAuts
     D:3: 944 daAuts
     D:6: 874 daAuts
     D:2: 860 daAuts
     D:1: 719 daAuts
     D:7: 497 daAuts
  Temple: 319 daAuts
  Bailey: 108 daAuts
